 Dungeon Crawl Stone Soup version bcrawl-1.34.4 (webtiles) character file.

Game seed: 9278391304353607940

126065 KristoblXynda the Slasher (level 4, -21/36 HPs)
             Began as a Demonspawn Gladiator on Nov 3, 2021.
             Engulfed by a cloud of flame (28 damage)
             ... on level 3 of the Dungeon.
             The game lasted 00:01:53 (2194 turns).

KristoblXynda the Slasher (Demonspawn Gladiator)    Turns: 2194, Time: 00:01:54

Health: -21/36     AC:  8    Str: 19    XL:     4   Next: 47%
Magic:  4/4        EV: 12    Int: 10    God:
Gold:   187        SH:  1    Dex: 14    Spells: 3/3 levels left

rFire    . . .     SeeInvis .   a - +0 long sword
rCold    . . .     Gourm    .   (no shield)
rNeg     . . .     Faith    .   q - +0 ring mail
rPois    .         Spirit   .   c - +0 helmet
rElec    .         Reflect  .   (no cloak)
rCorr    .         Harm     .   (no gloves)
MR       .....     Rnd*Tele +   (no boots)
Stlth    +.........             (no amulet)
HPRegen  0.12/turn              r - ring of teleportation (curse)
MPRegen  0.09/turn              h - +4 ring of strength

@: no status effects
A: icy blue scales 1
a: no special abilities


You were on level 3 of the Dungeon.
You were not hungry.

You visited 1 branch of the dungeon, and saw 3 of its levels.

You collected 187 gold pieces.

Inventory:

Hand Weapons
 a - a +0 long sword (weapon)
Missiles
 d - 3 throwing nets (quivered) {=f}
Armour
 c - a +0 helmet (worn)
 q - a +0 ring mail (worn)
Jewellery
 h - a +4 ring of strength (right hand)
 m - an uncursed ring of stealth
 r - a cursed ring of teleportation (left hand)
Scrolls
 g - 3 scrolls of teleportation
 j - a scroll of fog
 k - a scroll of amnesia
Potions
 f - 2 potions of heal wounds
 l - 2 potions of mutation
 n - a potion of curing {unknown}
 o - a potion of brilliance {unknown}
 p - a potion of might {unknown}
Comestibles
 e - 5 rations {!d}


   Skills:
 + Level 3.6 Fighting
 * Level 3.6 Long Blades
 - Level 2.0 Throwing
 + Level 1.2 Armour
 + Level 3.2 Dodging


You had 3 spell levels left.
You didn't know any spells.
Your spell library was empty.

Dungeon Overview and Level Annotations

Branches:
Dungeon (3/12)

Altars:
Elyvilon


Innate Abilities, Weirdness & Mutations

You are partially covered in icy blue scales. (AC +2)


Message History

As you read the scroll labeled IWORYM ISOATAX, it crumbles to dust.
You feel strangely unstable.
It was a scroll of teleportation.
No path to travel!
As you read the scroll of identify, it crumbles to dust.
l - 2 potions of mutation
As you read the scroll of identify, it crumbles to dust.
k - a scroll of amnesia Your surroundings suddenly seem different.
A quokka comes into view.
As you read the scroll labeled CYFIEPP ADOEPOT, it crumbles to dust.
The creatures around you are filled with an inner flame!
It was a scroll of immolation.
You hit the quokka.
The quokka explodes!
The fiery explosion engulfs you!!
Ouch! That really hurt!
* * * LOW HITPOINT WARNING * * *
You are engulfed in blazing flames.
Ouch! That really hurt!
You die...

#.......
+........
#.......
#####........
####..##
#............
##.##
#..........
#..# #.........
##.# #......)#
#.#
#...%§§§#'###
#..
#....@§§.....
##.
#....§§§.....
#.
#..............
##
#.......####.##
# #..%....# ..
# #######.# .
#.# #..


There were no monsters in sight!

Vanquished Creatures
  Natasha (D:3)
  Terence (D:3)
  A worm (D:1)
  2 dart slugs
  3 leopard geckos
  3 bats (D:1)
  A giant cockroach (D:1)
  7 goblins
  4 hobgoblins
  6 jackals (D:1)
  4 kobolds
  A quokka (D:3)
  2 frilled lizards (D:1)
  4 rats
40 creatures vanquished.

Notes
Turn   | Place    | Note
-------+----------+-------------------------------------------
     0 | D:1      | KristoblXynda the Demonspawn Gladiator began the quest for
                  | the Orb.
     0 | D:1      | Reached XP level 1. HP: 18/18 MP: 1/1
   100 | D:1      | Gained mutation: You are partially covered in icy blue
                  | scales. (AC +2) [demonic ancestry]
   100 | D:1      | Reached XP level 2. HP: 24/24 MP: 2/2
   644 | D:1      | Reached XP level 3. HP: 26/29 MP: 3/3
  1420 | D:2      | Found a white marble altar of Elyvilon.
  1914 | D:3      | Noticed Natasha
  1927 | D:3      | Killed Natasha
  1928 | D:3      | Reached skill level 1 in Armour
  1928 | D:3      | Reached XP level 4. HP: 28/35 MP: 4/4
  2023 | D:3      | Noticed Terence
  2043 | D:3      | Killed Terence
  2194 | D:3      | Engulfed by a cloud of flame

Skill      XL: |  1  2  3 |
---------------+----------+-----
Throwing       | 2 |  2.0
Long Blades    | 3 |  3.6
Dodging        | 3 |  3.2
Armour         | 1 |  1.2
Fighting       | |  3.6

Action                   |  1- 3 |  4- 6 || total
-------------------------+-------+-------++-------
Melee: Long sword        |   112 |    34 ||   146
  Use: Scroll            |       |     5 ||     5
 Stab: Sleeping          |     7 |     1 ||     8
  Eat: Chunk             |     5 |     3 ||     8
Armor: Leather armour    |    27 |       ||    27
       Ring mail         |       |     9 ||     9
Dodge: Dodged            |    82 |    14 ||    96
Block: Other             |     2 |       ||     2
